 Dungeon Crawl Stone Soup version 0.26.0-10-g1f06aea511 (webtiles) character file.

Game seed: 4976680249217890527

56 Borgoz the Slasher (level 3, -2/30 HPs)
             Began as a Ghoul Gladiator on Jan 18, 2021.
             Slain by a worm (5 damage)
             ... on level 2 of the Dungeon.
             The game lasted 00:01:19 (1432 turns).

Borgoz the Slasher (Ghoul Gladiator)                Turns: 1432, Time: 00:01:20

Health: -2/30      AC:  4    Str: 17    XL:     3   Next: 97%
Magic:  2/2        EV:  9    Int:  3    God:
Gold:   84         SH:  0    Dex: 11    Spells: 2/2 levels left

rFire    . . .     SeeInvis .   a - +1 long sword
rCold    + . .     Faith    .   (no shield)
rNeg     + + +     Spirit   .   b - +0 leather armour
rPois    ∞         Reflect  .   c - +0 helmet
rElec    .         Harm     .   (no cloak)
rCorr    .         Rampage  .   (no gloves)
Will     .....                  (no boots)
Stlth    +.........             (no amulet)
HPRegen  0.00/turn              (no ring)
MPRegen  0.08/turn              (no ring)

@: constricted
A: claws 1, cold resistance 1, negative energy resistance 3, inhibited
regeneration, torment resistance, unbreathing
a: no special abilities


You were on level 2 of the Dungeon.
You visited 1 branch of the dungeon, and saw 2 of its levels.

You collected 84 gold pieces.

Inventory:

Hand Weapons
 a - a +1 long sword (weapon)
Missiles
 d - 3 throwing nets (quivered)
Armour
 b - a +0 leather armour (worn)
 c - a +0 helmet (worn)
Scrolls
 e - 2 scrolls of identify
 g - a scroll of magic mapping
Potions
 f - a potion of curing {unknown}
 i - a potion of might {unknown}
 j - a potion of magic {unknown}


   Skills:
 + Level 2.9 Fighting
 + Level 3.2 Long Blades
 - Level 1.7 Throwing
 + Level 1.3 Armour
 + Level 3.1 Dodging


You had 2 spell levels left.
You didn't know any spells.
Your spell library was empty.

Dungeon Overview and Level Annotations

Branches:
Dungeon (2/15)

Altars:


Innate Abilities, Weirdness & Mutations

You thrive by killing the living.
You are immune to poison.
You have sharp fingernails.
Your flesh is cold resistant. (rC+)
You are immune to negative energy. (rN+++)
You do not regenerate when monsters are visible.
You are immune to unholy pain and torment.
You can survive without breathing.


Message History

You barely miss the ball python. The ball python closely misses you.
The ball python constricts you. The shadow imp hits you.
You closely miss the ball python. The bat hits you but does no damage.
The ball python bites you but does no damage.
The ball python constricts you. The shadow imp barely misses you.
The worm bites you!
* * * LOW HITPOINT WARNING * * *
The ball python bites you.
* * * LOW HITPOINT WARNING * * *
The ball python constricts you.
You are too injured to fight recklessly!
You are too injured to fight recklessly!
You are too injured to fight recklessly!
Sorry, you're not good enough to have a special ability.
It was a potion of cancellation.
You feel magically purged. The bat closely misses you. The shadow imp hits you.
* * * LOW HITPOINT WARNING * * *
The ball python barely misses you. The ball python constricts you.
The worm bites you.
You die...

.... .###
# # #. #
####.###
#.
#....5.#
#..
#...bS@#
#.
#?..!..w.#
#.
#......#.#
#.)....#.#
#......# #
########


You could see a worm, a shadow imp, a bat and a ball python.

Vanquished Creatures
  2 gnolls (D:1)
  A leopard gecko (D:1)
  3 bats (D:1)
  3 giant cockroaches (D:1)
  3 goblins
  5 hobgoblins (D:1)
  6 jackals
  3 frilled lizards (D:1)
  3 kobolds (D:1)
  3 rats
32 creatures vanquished.

Notes
Turn   | Place    | Note
-------+----------+-------------------------------------------
     0 | D:1      | Borgoz the Ghoul Gladiator began the quest for the Orb.
     0 | D:1      | Reached XP level 1. HP: 17/17 MP: 0/0
    28 | D:1      | Reached XP level 2. HP: 20/25 MP: 1/1
   307 | D:1      | Reached XP level 3. HP: 20/30 MP: 2/2
   312 | D:1      | Reached skill level 1 in Armour
  1432 | D:2      | Slain by a worm

Illustrated notes

Levels and vault maps discovered:
D:1:      lightli_arrival_quake, layout_rooms, chequers_serial_rivers_micro_e,
          minmay_liquid_box, minmay_octomino_e4
D:2:      layout_rooms, minmay_tripent

Skill      XL: |  1  2  3 |
---------------+----------+-----
Long Blades    | 3 |  3.2
Dodging        | 3 |  3.1
Armour         | 1 |  1.3
Fighting       | |  2.9
Throwing       | |  1.7

Action                   || total
-------------------------++-------
Melee: Long sword        ||   104
  Use: Scroll            ||     2
       Potion            ||     1
Armor: Leather armour    ||    62
Dodge: Dodged            ||   145
       Rpst.: Long sword ||    46
